 Dungeon Crawl Stone Soup version 0.29-a0-892-g2c4c91d9db (webtiles) character file.

Game seed: 8955181142956923200

567 bande the Chopper (level 7, -3/44 HPs)
             Began as a Gargoyle Fighter on July 22, 2022.
             Was an Initiate of Okawaru.
             Slain by Edmund
             ... wielding a +2 flail of protection
              (5 damage)
             ... on level 4 of the Dungeon.
             The game lasted 00:06:14 (5583 turns).

bande the Chopper (Gargoyle Fighter)                Turns: 5583, Time: 00:06:14

Health: -3/44      AC: 17    Str: 19    XL:     7   Next: 33%
Magic:  8/8        EV:  7    Int:  9    God:    Okawaru [......]
Gold:   228        SH:  5    Dex: 11    Spells: 6/6 levels left

rFire   . . .      SeeInvis .   a - +1 war axe
rCold   . . .      Faith    +   c - +1 buckler
rNeg    + . .      Spirit   .   p - +0 chain mail
rPois   ∞          Reflect  .   (no helmet)
rElec   +          Harm     .   b - +2 cloak
rCorr   .          Rampage  .   (no gloves)
Will    .....                   (no boots)
Stlth   ..........              r - amulet of faith
HPRegen 0.14/turn               f - ring of flight
MPRegen 0.11/turn               (no ring)

@: flying
A: sickness immunity, AC +4, negative energy resistance 1, electricity
resistance, torment resistance 1, petrification resistance
a: Renounce Religion


You were on level 4 of the Dungeon.
You worshipped Okawaru.
Okawaru was noncommittal.
You visited 1 branch of the dungeon, and saw 4 of its levels.

You collected 228 gold pieces.

Inventory:

Hand Weapons
 a - a +1 war axe (weapon)
 j - a +4 hand axe
 u - a +0 morningstar
Armour
 b - a +2 cloak (worn)
 c - a +1 buckler (worn)
 p - a +0 chain mail (worn)
Jewellery
 e - a ring of fire
 f - a ring of flight (left hand)
 r - an amulet of faith (around neck)
 w - a ring of magical power
Wands
 q - a wand of charming (11)
Scrolls
 n - a scroll of magic mapping {unknown}
 o - 3 scrolls of enchant weapon
 s - 4 scrolls of teleportation
Potions
 d - a potion of might
 g - 3 potions of heal wounds
 h - 2 potions of lignification {unknown}
 i - 3 potions of ambrosia {unknown}
 k - 3 potions of curing
 l - a potion of resistance {unknown}
 m - a potion of flight {unknown}
 t - 2 potions of brilliance
 v - a potion of attraction {unknown}
 x - a potion of berserk rage {unknown}


   Skills:
 + Level 4.4 Fighting
 + Level 5.0 Axes
 + Level 4.7 Armour
 + Level 4.3 Shields
 * Level 1.7 Invocations
 * Level 1.4 Evocations


You had 6 spell levels left.
You didn't know any spells.
Your spell library was empty.

Dungeon Overview and Level Annotations

Branches:
Dungeon (4/15)
 Temple: D:4-7

Altars:
Okawaru

Annotations:
D:4 Edmund


Innate Abilities, Weirdness & Mutations

You are immune to sickness and miasma.
Your stone body is resilient. (AC +4)
You are immune to poison.
You resist negative energy. (rN+)
You are resistant to electric shocks. (rElec)
You are resistant to unholy torment.
You are immune to petrification.


Message History

You are too injured to fight recklessly!
You are too injured to fight recklessly!
You are too injured to fight recklessly!
You are too injured to fight recklessly!
You are too injured to fight recklessly!
You hit Edmund.
Edmund is severely wounded.
Edmund zaps a wand.
The puff of flame hits you but does no damage.
You barely miss Edmund.
Edmund is severely wounded.
Edmund zaps a wand.
The puff of flame hits you.
You hit Edmund but do no damage.
Edmund is severely wounded.
Edmund barely misses you.
You hit Edmund.
Edmund is severely wounded.
Edmund hits you with a +2 flail of protection!
* * * LOW HITPOINT WARNING * * *
Edmund zaps a wand.
You block the puff of flame.
You hit Edmund but do no damage.
Edmund is severely wounded.
Edmund hits you with a +2 flail of protection!
* * * LOW HITPOINT WARNING * * *
You hit Edmund but do no damage.
Edmund is severely wounded.
Edmund hits you but does no damage.
You barely miss Edmund.
Edmund is severely wounded.
Edmund hits you but does no damage. x2
You hit Edmund.
Edmund is almost dead.
Edmund hits you but does no damage.
You hit Edmund but do no damage.
Edmund is almost dead.
Edmund zaps a wand.
The puff of flame misses you.
You hit Edmund but do no damage.
Edmund is almost dead.
Edmund hits you with a +2 flail of protection.
You die...

# #.....# #.#
###.^). #.# #....##
+#
#?.....##.####....#
#..[............).#
#..............##.+
#..............####
..............#
#####..........#
#.....@@.......#
#.###..........#
#..........#
#.....$....#
.............#
#####.######## #<#
###


You could see Edmund.

Vanquished Creatures
  A phantom (D:4)
  A scorpion (D:4)
  A jelly (D:4)
  An orc priest (D:2)
  A hound (D:4)
  A gnoll bouda (D:4)
  2 iguanas (D:4)
  10 gnolls
  6 adders
  A worm (D:2)
  2 dart slugs
  9 orcs
  12 bats
  11 endoplasms
  A giant cockroach (D:1)
  7 goblins
  13 hobgoblins
  2 jackals (D:1)
  2 quokkas
  6 ball pythons
  5 frilled lizards
  12 kobolds
  5 rats
112 creatures vanquished.

Notes
Turn   | Place    | Note
-------+----------+-------------------------------------------
     0 | D:1      | bande the Gargoyle Fighter began the quest for the Orb.
     0 | D:1      | Reached XP level 1. HP: 14/14 MP: 1/1
   373 | D:1      | Reached XP level 2. HP: 19/19 MP: 2/2
   724 | D:1      | Reached skill level 2 in Axes
   884 | D:1      | Reached XP level 3. HP: 24/24 MP: 3/3
  2038 | D:2      | Reached XP level 4. HP: 12/29 MP: 4/4
  2598 | D:2      | Reached skill level 3 in Axes
  2614 | D:2      | Reached XP level 5. HP: 9/33 MP: 5/5
  3295 | D:3      | Found a faded altar of an unknown god.
  3777 | D:3      | Reached skill level 4 in Axes
  3777 | D:3      | Reached XP level 6. HP: 38/38 MP: 6/6
  3947 | D:3      | Found an iron altar of Okawaru.
  3960 | D:3      | Became a worshipper of Warmaster Okawaru
  4535 | D:4      | Reached skill level 1 in Invocations
  4535 | D:4      | Reached skill level 1 in Evocations
  4869 | D:4      | Reached XP level 7. HP: 28/44 MP: 7/7
  5359 | D:4      | Reached skill level 5 in Axes
  5562 | D:4      | Noticed Edmund
  5578 | D:4      | HP: 1/44 [Edmund/+2 flail of protection (9)]
  5583 | D:4      | Slain by Edmund

Illustrated notes

Levels and vault maps discovered:
D:1:      minmay_arrival_stone_box, layout_loops_ring
D:2:      cheibrodos_pilgrimage, layout_basic, minmay_split_cup_large
D:3:      layout_loops_ring, mainiacjoe_overflow_small_starburst,
          nicolae_ecumenical_snake_handling, st_stairs_13, minmay_quantized
D:4:      layout_basic, temple_green, uniq_edmund

Skill      XL: |  1  2  3  4  5  6  7 |
---------------+----------------------+-----
Axes           | 2 3 4 5 |  5.0
Armour         | 4 |  4.7
Fighting       | 4 |  4.4
Shields        | 4 |  4.3
Invocations    | 1 |  1.7
Evocations     | 1 |  1.4

Action                   |  1- 3 |  4- 6 |  7- 9 || total
-------------------------+-------+-------+-------++-------
Melee: War axe           |   107 |   226 |    41 ||   374
  Use: Scroll            |       |    12 |       ||    12
Armor: Scale mail        |    83 |       |       ||    83
       Chain mail        |       |   171 |    33 ||   204
Dodge: Dodged            |    96 |    97 |    21 ||   214
Block: Buckler           |    25 |    64 |    12 ||   101

Table legend: (Time is in decaauts)
 A = Elapsed time spent in this place.
 B = Non-inter-level travel time spent in this place.
 C = Inter-level travel time spent in this place.
 D = Time resting spent in this place.
 E = Time spent auto-exploring this place.
 F = Levels seen in this place.
 G = Mean time per level.
                   A        B        C        D        E       F      G
               +--------+--------+--------+--------+--------+-----+--------+
         Total |   5726 |   5661 |     65 |   1759 |   2924 |   4 | 1431.5 |
       Dungeon |   5726 |   5661 |     65 |   1759 |   2924 |   4 | 1431.5 |
               +--------+--------+--------+--------+--------+-----+--------+

Top non-repeatable levels by time:
     D:1: 2012 daAuts
     D:2: 1344 daAuts
     D:4: 1249 daAuts
     D:3: 1119 daAuts
